 Dungeon Crawl Stone Soup version 0.20.1-1-g8b1a95d (webtiles) character file.

157 Lorindel the Conjurer (level 5, 0/22 HPs)
             Began as a Felid Conjurer on July 21, 2017.
             Slain by a gnoll sergeant
             ... wielding a +0 spear
              (7 damage)
             ... on level 4 of the Dungeon.
             The game lasted 00:32:07 (3733 turns).

Lorindel the Conjurer (Felid Conjurer)              Turns: 3733, Time: 00:32:08

Health: 0/22       AC:  5    Str:  4    XL:     5   Next: 15%
Magic:  5/10       EV: 19    Int: 18    God:
Gold:   143        SH:  0    Dex: 17    Spells: 0/10 levels left
                                        Lives:  0   Deaths: 1

rFire    . . .     SeeInvis +     - Unarmed
rCold    + . .     Gourm    .   (shield unavailable)
rNeg     . . .     Faith    .   (armour unavailable)
rPois    .         Spirit   .   (helmet unavailable)
rElec    .         Reflect  .   (cloak unavailable)
rCorr    .         Harm     .   (gloves unavailable)
MR       .....                  (boots unavailable)
Stlth    +++.......             (no amulet)
Regen    0.1/turn               j - +3 ring of protection
MPRegen  0.2/turn               p - ring of protection from cold

@: quick
A: no armour, no weapons or thrown items, stealth, claws 1, fangs 3, see
invisible, carnivore 3, speed 1, shaggy fur 2, slow metabolism 1, sharp paws
a: no special abilities


You were on level 4 of the Dungeon.
You were not hungry.

You visited 1 branch of the dungeon, and saw 4 of its levels.

You collected 143 gold pieces.

Inventory:

Missiles
 d - 167 stones
 s - 30 arrows
Jewellery
 j - a +3 ring of protection (left paw)
 p - a ring of protection from cold (right paw)
Wands
 r - a wand of enslavement (14/24)
 t - a wand of enslavement (14/24)
Scrolls
 m - 5 scrolls of remove curse
Potions
 c - 4 potions of curing
 e - a potion of heal wounds
 f - a potion of lignification {unknown}
 g - a potion of cancellation {unknown}
 h - 2 potions of ambrosia
 n - a potion of agility {unknown}
 o - a potion of brilliance {unknown}
Books
 a - a book of Conjurations

   Spells                             Type                      Level
   a - Magic Dart                     Conjuration                  1
   b - Searing Ray                    Conjuration                  2
   c - Dazzling Spray                 Conjuration/Hexes            3
   d - Fulminant Prism                Conjuration/Hexes            4
   e - Force Lance                    Conjuration/Translocation    4
   f - Iskenderun's Mystic Blast      Conjuration                  4
 l - a book of Maledictions

   Spells                             Type                      Level
   a - Corona                         Hexes                        1
   b - Ensorcelled Hibernation        Hexes/Ice                    2
   c - Confuse                        Hexes                        3
   d - Tukima's Dance                 Hexes                        3
   e - Dazzling Spray                 Conjuration/Hexes            3
Comestibles
 b - 2 meat rations
 k - a royal jelly


   Skills:
 + Level 2.2 Fighting
 + Level 3.5 Dodging
 + Level 4.0 Stealth
 + Level 1.9 Unarmed Combat
 * Level 3.1 Spellcasting
 + Level 4.1 Conjurations
 + Level 2.4 Hexes
 + Level 0.8 Translocations
 + Level 1.2 Evocations


You couldn't memorise any spells.
You knew the following spells:

 Your Spells              Type           Power        Failure   Level  Hunger
a - Magic Dart            Conj           ###.         3%          1    None
b - Searing Ray           Conj           ###...       4%          2    ##.....
c - Dazzling Spray        Conj/Hex       ##....       12%         3    ###....
d - Force Lance           Conj/Tloc      ##......     50%         4    ####...


Dungeon Overview and Level Annotations

Branches:
Dungeon (4/15)
 Temple: D:4-7

Altars:


Innate Abilities, Weirdness & Mutations

You cannot wear armour.
You are incapable of wielding weapons or throwing items.
Your paws allow you to move quietly. (Stealth)
You have sharp claws.
You have razor-sharp teeth.
You have supernaturally acute eyesight. (SInv)
You are carnivorous and can eat meat at any time.
You cover ground quickly.
You are covered in thick fur. (AC +2)
You have a slow metabolism.
Your sharp claws are effective at attacking unaware monsters.


Message History

* * * LOW HITPOINT WARNING * * *
Casting: Dazzling Spray
Confirm with . or Enter, or press ? or * to list all spells.
Aiming: Searing Ray
Press: ? - help, Shift-Dir - straight line, f - gnoll sergeant
Aim: a gnoll sergeant, wielding a +0 spear and wearing a ring mail (lightly wounded)
The searing ray hits the gnoll sergeant.
The gnoll sergeant is lightly wounded. (Press . to maintain the ray.)
The searing ray hits the gnoll sergeant.
The gnoll sergeant is lightly wounded.
The searing ray hits the gnoll sergeant.
The gnoll sergeant is heavily wounded.
The gnoll sergeant barely misses you.
The searing ray hits the gnoll sergeant.
The gnoll sergeant is severely wounded.
You finish channeling your searing ray.
The gnoll sergeant completely misses you.
The gnoll sergeant hits you from afar with a +0 spear!
You die...

#....#.s......#.
#######s....#.#.
#..s........#.
#####g###########.
#.....# #. #s#####
#. #g# #. #.# #.
#@# ## ........#
........'
........##
........#
........#
........# #### #
........# ..# .#
#.##.#


You could see a gnoll sergeant and a scorpion.

Vanquished Creatures
  An ogre (D:3)
  An orc wizard (D:3)
  3 gnolls (D:4)
  2 adders (D:3)
  3 worms
  A dart slug (D:1)
  3 leopard geckos
  7 orcs (D:3)
  A ball python (D:1)
  5 bats
  4 giant cockroaches
  9 goblins
  17 hobgoblins
  3 jackals (D:1)
  2 quokkas (D:2)
  3 frilled lizards
  4 kobolds
  7 rats
76 creatures vanquished.

Vanquished Creatures (others)
  An orc wizard (D:3)
1 creature vanquished.

Grand Total: 77 creatures vanquished

Notes
Turn   | Place    | Note
-------+----------+-------------------------------------------
     0 | D:1      | Lorindel the Felid Conjurer began the quest for the Orb.
     0 | D:1      | Reached XP level 1. HP: 7/7 MP: 4/4
   315 | D:1      | Reached XP level 2. HP: 12/12 MP: 6/6
   417 | D:1      | Reached skill level 1 in Fighting
  1065 | D:1      | Learned a level 2 spell: Searing Ray
  1078 | D:1      | Reached XP level 3. HP: 9/15 MP: 0/7
  1087 | D:1      | Learned a level 3 spell: Dazzling Spray
  2001 | D:2      | Reached skill level 1 in Hexes
  2112 | D:2      | Reached skill level 1 in Unarmed Combat
  2310 | D:3      | Reached XP level 4. HP: 13/19 MP: 3/8
  2383 | D:3      | Reached XP level 5. HP: 15/22 MP: 4/9
  2498 | D:3      | Noticed an ogre
  2555 | D:3      | Killed an ogre
  2555 | D:3      | Reached skill level 1 in Evocations
  3044 | D:3      | Learned a level 4 spell: Force Lance
  3356 | D:4      | Gained mutation: You are covered in thick fur. (AC +2) [Felid growth]
  3356 | D:4      | Reached XP level 6. HP: 26/26 MP: 6/11
  3365 | D:4      | Slain by a gnoll sergeant
  3366 | D:4      | Reached XP level 5. HP: -4/22 MP: 2/10
  3733 | D:4      | Slain by a gnoll sergeant

Skill      XL: |  1  2  3  4  5 |
---------------+----------------+-----
Stealth        | 3 4 |  4.0
Fighting       | 1 2 |  2.2
Dodging        | 3 |  3.5
Hexes          | 1 2 |  2.4
Unarmed Combat | 1 |  1.9
Conjurations   | 4 |  4.1
Spellcasting   | 3 |  3.1
Evocations     | 1 |  1.2
Translocations | |  0.8

Action                   |  1- 3 |  4- 6 || total
-------------------------+-------+-------++-------
Melee: Unarmed           |   105 |    97 ||   202
       Bite              |    12 |     3 ||    15
 Cast: Magic Dart        |    29 |    11 ||    40
       Searing Ray       |     4 |     8 ||    12
       Dazzling Spray    |     6 |     8 ||    14
  Use: Scroll            |     6 |     2 ||     8
 Stab: Sleeping          |    12 |     1 ||    13
  Eat: Chunk             |    11 |     3 ||    14
Armor: Skin              |    14 |     8 ||    22
Dodge: Dodged            |    96 |    93 ||   189
